 Dungeon Crawl Stone Soup version 0.32-a0-871-ge202e49faa (webtiles) character file.

Game seed: 17134220780648205641

44 KennySheep the Ruffian (level 3, 0/20 HPs)
             Began as a Naga Shapeshifter on Mar 30, 2024.
             Was a Follower of Dithmenos.
             Incinerated by a bombardier beetle (4 damage)
             ... with a burning spray
             ... on level 2 of the Dungeon.
             The game lasted 00:04:41 (1842 turns).

KennySheep the Ruffian (Naga Shapeshifter)          Turns: 1842, Time: 00:04:42

Health: 0/20       AC:  3    Str: 18    XL:     3   Next: 60%
Magic:  3/3        EV: 12    Int: 10    God:    Dithmenos [*.....]
Gold:   36         SH:  0    Dex: 10    Spells: 2/2 levels left

rFire   . .          .
                       - Unarmed
rCold   . . .        (shield currently unavailable)
rNeg    . . .        a - melded +0 animal skin
rPois   +            (no helmet)
rElec   .            k - +0 cloak
rCorr   .            l - +0 pair of gloves
SInv    +            (no barding)
Will    .....        (no amulet)
Stlth   +            (no ring)
HPRegen 0.23/turn    (no ring)
MPRegen 0.08/turn

%: no passive effects
@: brilliant, on fire, flux-form, glowing, very slow
A: glow, contaminating, reduced hp, AC +1, large, see invisible, deformed body,
poison resistance, slowness 2, spit poison 1, naga tail 1
a: Spit Poison, Begin Untransformation, Renounce Religion


You were on level 2 of the Dungeon.
You worshipped Dithmenos.
Dithmenos was aware of your devotion.
You were something dangerously unstable.
You visited 1 branch of the dungeon, and saw 2 of its levels.

You collected 36 gold pieces.

Inventory:

Armour
 a - a +0 animal skin (melded)
 k - a +0 cloak (worn)
 l - a +0 pair of gloves (worn)
Talismans
 c - a beast talisman
 d - a flux talisman (active)
Scrolls
 e - 2 scrolls of immolation {unknown}
 g - a scroll of teleportation {unknown}
 h - a scroll of revelation {unknown}
 i - a scroll of amnesia {unknown}
 j - a scroll of identify {unknown}
 n - a scroll of fog {unknown}
Potions
 b - a potion of lignification
 o - a potion of magic


   Skills:
 + Level 1.7 Fighting
 - Level 1.5 Dodging
 + Level 0.4 Stealth
 * Level 3.7 Unarmed Combat
 + Level 0.1 Invocations
 * Level 3.3 Shapeshifting


You had 2 spell levels left.
You didn't know any spells.
Your spell library was empty.

Dungeon Overview and Level Annotations

Branches:
Dungeon (2/15)

Altars:
Dithmenos


Innate Abilities, Weirdness & Mutations

You are something dangerously unstable.
You glow with magical radiation, making you easy to see and hit.
Foes you strike become dangerously contaminated with magical radiation.
Your maximum health is decreased, since you lack skill for your form.
You are incapable of wielding weapons or throwing items.
Your serpentine skin is tough. (AC +1)
You have supernaturally acute eyesight. (SInv)
Armour fits poorly on your strangely shaped body.
Your system is resistant to poisons. (rPois)
You cover ground very slowly.
You can spit poison.
You have a snake-like lower body.


Message History

You open the door.
Found an escape hatch in the ceiling.
There is an open door here.
You now have 36 gold pieces (gained 9).
A bombardier beetle comes into view.
A bombardier beetle is nearby!
The bombardier beetle sprays incendiary fluid at you.
The burning spray hits you.
You are covered in liquid fire!
You shake off some of the fire as you move.
The liquid fire burns you!
You shake off some of the fire as you move.
The liquid fire burns you!
You hit the bombardier beetle.
The bombardier beetle begins to glow.
The bombardier beetle is lightly wounded.
The liquid fire burns you!
It was a potion of magic.
Magic courses through your body. The liquid fire burns you!
The bombardier beetle bites you but does no damage.
It was a potion of brilliance.
You feel clever all of a sudden. The liquid fire burns you!
* * * LOW HITPOINT WARNING * * *
The bombardier beetle misses you.
It was a potion of curing.
You feel better. The liquid fire burns you!
The bombardier beetle stops glowing.
Okay, then.
Okay, then.
You hit the bombardier beetle.
The bombardier beetle begins to glow.
The bombardier beetle is moderately wounded.
The liquid fire burns you!
* * * LOW HITPOINT WARNING * * *
The bombardier beetle bites you.
* * * LOW HITPOINT WARNING * * *
You hit the bombardier beetle.
The bombardier beetle glows dangerously bright.
The bombardier beetle is heavily wounded.
The liquid fire burns you!
You die...

....#..#
#.#.........#.......##
.##)...#
#.#...###.####.....##
###.##.# #.###.# #.#
##...## .......#
#.....# #.# ##'##
###.#### #.###.###.#
#.# #.# #.........#
#.# ###.# #####.#####
##.## .##.# #.#
##.>>## # ....# #p#
#.....### .#### #B#
##...###. .# #.#
#######.###.# .# #..
...........## .# ###
#######.###.# ## #.#
##† #.# ## #.# #
########## #.#


You could see a bombardier beetle (heavy contam).

Vanquished Creatures
  2 adders (D:2)
  A dart slug (D:2)
  5 bats
  3 endoplasms
  3 goblins (D:2)
  A hobgoblin (D:1)
  2 quokkas (D:2)
  3 ball pythons
  A frilled lizard (D:1)
  A rat (D:1)
22 creatures vanquished.

Notes
Turn   | Place    | Note
-------+----------+-------------------------------------------
     0 | D:1      | KennySheep the Naga Shapeshifter began the quest for the
                  | Orb.
     0 | D:1      | Reached XP level 1. HP: 18/18 MP: 1/1
   534 | D:1      | Reached XP level 2. HP: 19/25 MP: 2/2
  1432 | D:2      | Reached XP level 3. HP: 31/31 MP: 3/3
  1479 | D:2      | Found a faded altar of an unknown god.
  1492 | D:2      | Prayed at the altar of an unknown god.
  1492 | D:2      | Became a worshipper of Dithmenos the Shadowed
  1492 | D:2      | Reached * piety under Dithmenos
  1842 | D:2      | Incinerated by a bombardier beetle

Illustrated notes

Levels and vault maps discovered:
D:1:      onia_arrival_mini_spirals, layout_basic
D:2:      layout_loops_corners, shapermc_ecumenical_altar_starsandcircs,
          minmay_tree_intersection, minmay_pentomino_x4

Action                     || total
---------------------------++-------
  Melee: Unarmed           ||    78
         Punch             ||     2
    Use: Potion            ||     3
 Armour: Animal skin       ||    36
         Skin              ||    25
  Dodge: Dodged            ||    58
   Form: Flux              ||     1

Table legend: (Time is in decaauts)
 A = Elapsed time spent in this place.
 B = Non-inter-level travel time spent in this place.
 C = Inter-level travel time spent in this place.
 D = Time resting spent in this place.
 E = Time spent auto-exploring this place.
 F = Levels seen in this place.
 G = Mean time per level.
                   A        B        C        D        E       F      G
               +--------+--------+--------+--------+--------+-----+--------+
         Total |   2455 |   2258 |    197 |      0 |   1981 |   2 | 1227.5 |
       Dungeon |   2455 |   2258 |    197 |      0 |   1981 |   2 | 1227.5 |
               +--------+--------+--------+--------+--------+-----+--------+

Top non-repeatable levels by time:
     D:1: 1563 daAuts
     D:2: 892 daAuts
